 Dungeon Crawl Stone Soup version 0.31-a0-1620-gcbf77bbcfc (webtiles) character file.

Game seed: 5392493512611098877

2 GordonOverkill the Sneak (level 1, -1/11 HPs)
             Began as a Spriggan Delver on Jan 11, 2024.
             Succumbed to a kobold's poison
             ... on level 4 of the Dungeon.
             The game lasted 00:00:52 (211 turns).

GordonOverkill the Sneak (Spriggan Delver)           Turns: 211, Time: 00:00:53

Health: -1/11      AC:  2    Str:  8    XL:     1   Next: 25%
Magic:  2/2        EV: 17    Int: 11    God:
Gold:   0          SH:  0    Dex: 16    Spells: 0/0 levels left

rFire   . . .        a - +0 short sword
rCold   . . .        (no shield)
rNeg    . . .        b - +0 robe
rPois   .            (helmet restricted)
rElec   .            (no cloak)
rCorr   .            (gloves unavailable)
SInv    +            (boots unavailable)
Will    .....        (no amulet)
Stlth   ++++         (no ring)
HPRegen 0.21/turn    (no ring)
MPRegen 0.08/turn

%: no passive effects
@: lethally poisoned (-1 -> -7), very quick
A: very small, no large weapons, unfitting armour, see invisible, speed 3
a: no special abilities


You were on level 4 of the Dungeon.
You visited 1 branch of the dungeon, and saw 3 of its levels.

Inventory:

Hand Weapons
 a - a +0 short sword (weapon)
Armour
 b - a +0 robe (worn)
Wands
 g - a wand of digging (3)
Scrolls
 c - a scroll of fog
 d - a scroll of revelation
 e - a scroll of fear
Potions
 f - a potion of haste
 h - 2 potions of enlightenment {unknown}
 i - a potion of heal wounds {unknown}


   Skills:
 + Level 2.5 Fighting
 - Level 2.1 Short Blades
 - Level 2.6 Dodging
 - Level 7.2 Stealth


You couldn't memorise any spells.
You didn't know any spells.
Your spell library was empty.

Dungeon Overview and Level Annotations

Branches:
Dungeon (6/15)
 Temple: D:4-7

Altars:


Innate Abilities, Weirdness & Mutations

You are very small and have problems with some larger weapons.
You are too small for most types of armour.
You have supernaturally acute eyesight. (SInv)
You cover ground extremely quickly. (Speed+++)


Message History

Found a stone staircase leading up.
Your surroundings suddenly seem different.
Found a stone staircase leading up.
An orc comes into view. It is wielding a +0 dagger.
There is a stone staircase leading up here.
An orc priest comes into view. It is wielding a +0 whip.
An orc wizard, an orc and an orc priest come into view.
The orc shouts! x2; The orc priest shouts!
You hear a shout!
An orc comes into view. It is wielding a +0 short sword.
The orc priest begins to cast a cantrip, but forgets the words!
The orc priest shouts!
You hear a shout! x2
There is a stone staircase leading up here.
You climb upwards.
Found an escape hatch in the floor.
There is a stone staircase leading down here.
Found a yellow potion.
Found a cyan potion.
Found a scroll labelled BUSEXT HATIME.
h - 2 yellow potions (gained 1)
A kobold comes into view.
It is wielding a +1 whip of venom and quivering poisoned darts.
i - a cyan potion The kobold shouts!
You barely miss the kobold. The kobold misses you.
You hit the kobold but do no damage.
The kobold hits you with a +1 whip of venom.
Ouch! That really hurt!
* * * LOW HITPOINT WARNING * * *
You are lethally poisoned!
You are too injured to fight recklessly!
You are too injured to fight recklessly!
You barely miss the kobold.
* * * LOW HITPOINT WARNING * * *
You feel very sick.
You are too injured to fight recklessly!
You hit the kobold but do no damage.
* * * LOW HITPOINT WARNING * * *
You feel sick. The kobold misses you.
You hit the kobold.
You kill the kobold!
You die...

###....######
#.........>..
#.#.########.
#####.#.#
........#
##.##...#######
###.##....?.....
............####
#.......@....#
....##.)###..#
#.## #..# .....
# #..# .##.#
#... .. . ####


There were no monsters in sight!

Vanquished Creatures
  An orc (D:6)
  A kobold (D:4)
2 creatures vanquished.

Notes
Turn   | Place    | Note
-------+----------+-------------------------------------------
     0 | D:5      | GordonOverkill the Spriggan Delver began the quest for the
                  | Orb.
     0 | D:5      | Reached XP level 1. HP: 11/11 MP: 2/2
   181 | D:5      | Noticed an orc priest
   182 | D:5      | Noticed an orc wizard
   182 | D:5      | Noticed an orc priest
   211 | D:4      | Succumbed to a kobold's poison

Illustrated notes

Levels and vault maps discovered:
D:4:      layout_loops_ring, nicolae_half_adder, uniq_natasha, uniq_sigmund,
          uniq_duvessa
D:5:      layout_rooms, eat_drink_and_be_merry_uskayaw, uniq_blork_the_orc
D:6:      layout_loops_ring, mainiacjoe_overflow_alcove_4,
          minmay_misc_feat_enclosed, hangedman_decor_push,
          nicolae_shop_self_help, uniq_jeremiah

Action                     || total
---------------------------++-------
  Melee: Short sword       ||    12
    Use: Scroll            ||     1
   Stab: Sleeping          ||     1
 Armour: Robe              ||     5
  Dodge: Dodged            ||     7

Table legend: (Time is in decaauts)
 A = Elapsed time spent in this place.
 B = Non-inter-level travel time spent in this place.
 C = Inter-level travel time spent in this place.
 D = Time resting spent in this place.
 E = Time spent auto-exploring this place.
 F = Levels seen in this place.
 G = Mean time per level.
                   A        B        C        D        E       F      G
               +--------+--------+--------+--------+--------+-----+--------+
         Total |    155 |    155 |      0 |     47 |      0 |   3 |   51.7 |
       Dungeon |    155 |    155 |      0 |     47 |      0 |   3 |   51.7 |
               +--------+--------+--------+--------+--------+-----+--------+

Top non-repeatable levels by time:
     D:6: 78 daAuts
     D:5: 64 daAuts
     D:4: 13 daAuts
